[Event "Late-Titled-Tuesday-Blitz-October-03-2023"]
[Site "Chess.com"]
[Date "2023.10.03"]
[Round "4"]
[White "wild3000"]
[Black "TheMagician"]
[Result "0-1"]
[WhiteElo "2410"]
[BlackElo "2213"]
[TimeControl "180+1"]
[EndTime "14:37:36 PDT"]
[Termination "TheMagician won by resignation"]

1. d4 Nf6 2. Nf3 e6 3. e3 d5 4. c4 c5 5. Nc3 cxd4 6. Nxd4 Nc6 7. Be2 e5 8. Nxc6 bxc6 9. cxd5 cxd5 10. O-O Be7 11. b3 O-O 12. Bb2 Bb7 13. Na4 Bd6 14. Rc1 Qe7 15. Qd3 a5 16. Qf5 Bc8 17. Qg5 h6 18. Qh4 Rb8 19. f3 Bd7 20. Bc3 Bb4 21.
Bxb4 Rxb4 22. Qf2 Bxa4 23. bxa4 Rxa4 24. Rc2 Rb4 25. a3 Ra4 26. Rfc1 Rxa3 27. Rc7 Qb4 28.
Bf1 Qb3 29. Re1 Qb6 30. Rc2 a4 31. Rb2 Rb3 32. Ra2 a3 33. Rea1 Rb2 34. Qe1 Rb3 35.
Kf2 d4 36. Rxa3 dxe3+ 37. Kg3 Nh5+ 38. Kh4 Qf6+ 39. Kh3 Nf4+ 0-1

[Event "Late-Titled-Tuesday-Blitz-October-03-2023"]
[Site "Chess.com"]
[Date "2023.10.03"]
[Round "4"]
[White "Zurability"]
[Black "TigrVShlyape"]
[Result "1/2-1/2"]
[WhiteElo "2723"]
[BlackElo "2950"]
[TimeControl "180+1"]
[EndTime "14:37:39 PDT"]
[Termination "Game drawn by agreement"]

1. Nf3 Nf6 2. g3 g6 3. Bg2 Bg7 4. O-O O-O 5. d4 d5 6. c4 c6 7.
a4 a5 8. Nc3 dxc4 9. e4 Na6 10.
Qe2 Nb4 11. Qxc4 Be6 12. Qe2 Bg4 13. Be3 Qc8 14. Qc4 Be6 15. Qe2 Bh3 16. Ne5 Bxg2 17.
Kxg2 Nd7 18. f4 Nxe5 19. dxe5 Qe6 20. Rad1 f6 21. exf6 exf6 22. Bc5 Rfd8 23. Rxd8+ Rxd8 24. Bb6 Ra8 25. Rd1 Bf8 26. Rd8 Rxd8 27. Bxd8 f5 28. e5 Nd5 29. Qd3 Bb4 30. Nxd5 Qxd5+ 31. Qxd5+ cxd5 32. Kf3 Kf7 33. Bb6 Ke6 34. Ke3 Kd7 35. Kd3 Kc6 36. Bd4 Be7 37. b3 1/2-1/2

[Event "Late-Titled-Tuesday-Blitz-October-03-2023"]
[Site "Chess.com"]
[Date "2023.10.03"]
[Round "4"]
[White "Gogolev_Artemy"]
[Black "jerry_77"]
[Result "0-1"]
[WhiteElo "2404"]
[BlackElo "2613"]
[TimeControl "180+1"]
[EndTime "14:37:42 PDT"]
[Termination "jerry_77 won by checkmate"]

1. d4 d5 2. Bf4 e6 3. e3 Bd6 4. Nf3 Nf6 5. Ne5 O-O 6. Nd2 c5 7. c3 Qc7 8. Bd3 Nbd7 9. Ndf3 Ne4 10. O-O f6 11. Nxd7 Bxd7 12. Bxe4 dxe4 13. Bxd6 Qxd6 14.
Nd2 Bc6 15. Qb3 Kh8 16. Rad1 Qe7 17. Qa3 f5 18. Qxc5 Qg5 19. Qe5 Qg6 20. c4 h6 21.
f3 exf3 22. Nxf3 Be4 23. Rd2 Rac8 24. b3 a6 25. Qf4 b5 26. Ne5 Qe8 27. d5 bxc4 28.
bxc4 exd5 29. cxd5 Rf6 30. Rfd1 g5 31. Qg3 f4 32. exf4 gxf4 33. Qh4 Qxe5 34. d6 Rd8 35. d7 Qg5 36. Qe1 Bg6 37. Qe7 Rff8 38. Qe6 f3 39. g3 Kg7 40. Rd5 Qf6 41. Qe3 f2+ 42. Kg2 f1=Q+ 43.
Rxf1 Qxf1# 0-1

[Event "Late-Titled-Tuesday-Blitz-October-03-2023"]
[Site "Chess.com"]
[Date "2023.10.03"]
[Round "4"]
[White "Elbebiber"]
[Black "Schwindle"]
[Result "0-1"]
[WhiteElo "2151"]
[BlackElo "2412"]
[TimeControl "180+1"]
[EndTime "14:37:42 PDT"]
[Termination "Schwindle won on time"]

1. f4 d5 2. Nf3 c5 3. e3 Bg4 4. h3 Bxf3 5. Qxf3 Nc6 6. Bb5 Qd6 7. O-O Nf6 8. b3 a6 9. Bxc6+ Qxc6 10. Bb2 O-O-O 11. d3 e6 12. Nd2 Kb8 13. Be5+ Bd6 14. Bxd6+ Qxd6 15. Rfe1 Rhe8 16. e4 e5 17. f5 dxe4 18.
Nxe4 Nxe4 19. Qxe4 f6 20. a4 Qd4+ 21. Kf1 g6 22. fxg6 hxg6 23. Rad1 Qc3 24. Re2 f5 25. Qc4 Qa5 26. Rde1 Qc7 27. Qc3 Rd4 28. Rf2 e4 29.
dxe4 Qh2 0-1

[Event "Late-Titled-Tuesday-Blitz-October-03-2023"]
[Site "Chess.com"]
[Date "2023.10.03"]
[Round "4"]
[White "campochess"]
[Black "Eloist"]
[Result "0-1"]
[WhiteElo "2134"]
[BlackElo "2435"]
[TimeControl "180+1"]
[EndTime "14:37:42 PDT"]
[Termination "Eloist won by resignation"]

1. d4 e6 2. Nf3 Nf6 3. c4 b6 4. g3 Bb7 5. Bg2 Be7 6. Nc3 O-O 7. O-O Ne4 8. Qc2 Nxc3 9. bxc3 Nc6 10. e4 Na5 11.
Nd2 d6 12. f4 e5 13. d5 Ba6 14. Qd3 c6 15. dxc6 Qc7 16. Rd1 Qxc6 17. Qd5 Rac8 18.
Bf1 Qa4 19. Nb3 Bxc4 20. Bxc4 Nxc4 21. f5 Qc6 22. Qd3 Rfd8 23. h4 h6 24. Qf3 a5 25.
f6 Bxf6 26. Bxh6 a4 27. Nd2 d5 28. Bg5 Bxg5 29. hxg5 Nxd2 30. Rxd2 dxe4 31. Qe3 Rxd2 32. Qxd2 Qxc3 33. Rd1 Qxg3+ 34. Qg2 Qxg2+ 0-1

[Event "Late-Titled-Tuesday-Blitz-October-03-2023"]
[Site "Chess.com"]
[Date "2023.10.03"]
[Round "4"]
[White "Iball95"]
[Black "canary2016"]
[Result "1-0"]
[WhiteElo "2772"]
[BlackElo "2158"]
[TimeControl "180+1"]
[EndTime "14:37:44 PDT"]
[Termination "Iball95 won on time"]

1. e4 c5 2. Nf3 d6 3. Nc3 Nc6 4. Bb5 Bd7 5. Bxc6 Bxc6 6. d4 cxd4 7. Qxd4 e6 8. Bg5 Qc7 9. O-O-O Rc8 10. Rhe1 h6 11. Bh4 Ne7 12. Qxd6 Qxd6 13. Rxd6 Ng6 14. Rd3 Nxh4 15. Nxh4 Be7 16. Nf3 O-O 17. Ne5 Bg5+ 18. Kb1 Rfd8 19. Nxc6 Rxc6 20. Rxd8+ Bxd8 21. Rd1 Ba5 22.
Ne2 Rc7 23. c3 Kf8 24. Kc2 Ke7 25. g3 b5 26. Kb3 Bb6 27. f3 a5 28. a4 bxa4+ 29.
Kxa4 Rc5 30. Nf4 g5 31. Nd3 Rc8 32. Ne5 f6 33. Rd7+ Ke8 34. Rd6 Bc7 35. Rxe6+ Kf8 36. Rxf6+ Kg7 37. Rg6+ Kh7 38. Re6 Bb8 39. Nd7 1-0

[Event "Late-Titled-Tuesday-Blitz-October-03-2023"]
[Site "Chess.com"]
[Date "2023.10.03"]
[Round "4"]
[White "NMJeevanK"]
[Black "Nor1lsk"]
[Result "1-0"]
[WhiteElo "2550"]
[BlackElo "2713"]
[TimeControl "180+1"]
[EndTime "14:37:44 PDT"]
[Termination "NMJeevanK won by checkmate"]

1. e4 c5 2. Nc3 a6 3. f4 b5 4. Nf3 Bb7 5. d3 g6 6. g4 Bg7 7. Bg2 d6 8. h4 h5 9. g5 e6 10. f5 exf5 11. exf5 Bxc3+ 12. bxc3 Ne7 13. f6 Nf5 14. Qe2+ Kd7 15. Ne5+ dxe5 16. Bxb7 Ra7 17. Qg2 Kc7 18. Be4 Nd6 19. Be3 Nxe4 20. Qxe4 Qd6 21. a4 Rb7 22. O-O Nd7 23. Rfb1 Qe6 24. axb5 axb5 25. Ra5 Rhb8 26. Rba1 Qc6 27. Qg2 Qxg2+ 28. Kxg2 Kc6 29. Kf3 Kd5 30. Rxb5 Rxb5 31. c4+ Kc6 32. cxb5+ Rxb5 33. Ra6+ Kb7 34. Rd6 Kc7 35. Ra6 Rb2 36.
c4 Rh2 37. Ke4 Rxh4+ 38. Kd5 Rh3 39. Ra7+ Kd8 40. Kd6 Nb6 41. Rxf7 Nc8+ 42. Ke6 Rxe3 43. Rd7+ Ke8 44. f7+ Kf8 45. Rd8+ Kg7 46. f8=Q+ Kh7 47. Qh6# 1-0

[Event "Late-Titled-Tuesday-Blitz-October-03-2023"]
[Site "Chess.com"]
[Date "2023.10.03"]
[Round "4"]
[White "FairChess_on_YouTube"]
[Black "bazar-wokzal"]
[Result "1-0"]
[WhiteElo "3036"]
[BlackElo "2585"]
[TimeControl "180+1"]
[EndTime "14:37:46 PDT"]
[Termination "FairChess_on_YouTube won by resignation"]

1. c4 e5 2. Nc3 Nf6 3. Nf3 e4 4. Nd4 c6 5. d3 d5 6. cxd5 cxd5 7.
Bf4 Nc6 8. Ndb5 d4 9. Nc7+ Kd7 10. Nxa8 Qa5 11. dxe4 Bb4 12. g3 Ke7 13. a3 Bxc3+ 14. bxc3 Nxe4 15. Bg2 Qxc3+ 16. Kf1 Bf5 17. Nc7 Rd8 18. Rc1 Qxa3 19. Nb5 Qb4 20. Qd3 Nxg3+ 21.
Qxg3 Qxb5 22. Qg5+ f6 23. Qxg7+ Ke6 24. Re1 a5 25. Kg1 a4 26. e4 Bg6 27. Bh3+ 1-0

[Event "Late-Titled-Tuesday-Blitz-October-03-2023"]
[Site "Chess.com"]
[Date "2023.10.03"]
[Round "4"]
[White "Kosak12"]
[Black "pedromartinez91"]
[Result "1-0"]
[WhiteElo "2800"]
[BlackElo "2551"]
[TimeControl "180+1"]
[EndTime "14:37:46 PDT"]
[Termination "Kosak12 won on time"]

1. e4 d5 2. exd5 Qxd5 3. Nc3 Qd8 4. d4 Nf6 5. Bc4 g6 6. Nf3 Bg7 7. O-O O-O 8. h3 Nc6 9. Re1 b6 10. Bg5 Bb7 11. a3 h6 12. Bh4 e6 13. Qd3 Ne7 14. Bg3 Bxf3 15. Qxf3 Qxd4 16. Bb3 Nf5 17. Bxc7 Rac8 18.
Be5 Qc5 19. Rad1 Rfd8 20. Rxd8+ Rxd8 21. Qb7 Rd7 22. Qb8+ Qf8 23. Ba4 Qxb8 24. Bxb8 Rb7 25. Be5 a6 26. Bc6 Ra7 27. Rd1 Ne7 28. Bf3 Nfd5 29.
Bxg7 Kxg7 30. Nxd5 exd5 31. Bxd5 Rc7 32. c3 Kf6 33. Bf3 Ke6 34. Kf1 h5 35. Be2 b5 36.
Re1 Kf6 37. Bf3 Nf5 38. Rd1 Ke7 39. Ke2 Nd6 40. Kd3 Nc4 41. Kc2 Kf6 42. Be2 Ne5 43. f4 Nd7 44. Rd6+ Ke7 45. Rxa6 1-0

[Event "Late-Titled-Tuesday-Blitz-October-03-2023"]
[Site "Chess.com"]
[Date "2023.10.03"]
[Round "4"]
[White "Hilary46"]
[Black "WPWPWP-2015"]
[Result "1-0"]
[WhiteElo "2637"]
[BlackElo "2506"]
[TimeControl "180+1"]
[EndTime "14:37:47 PDT"]
[Termination "Hilary46 won by resignation"]

1. e4 e5 2. Nf3 Nf6 3. Nxe5 d6 4. Nf3 Nxe4 5. Nc3 Nxc3 6. dxc3 Be7 7. Be3 O-O 8. Qd2 Nc6 9. O-O-O Ne5 10. Nxe5 dxe5 11. Bd3 Be6 12. Kb1 c6 13. Qe2 Qa5 14. c4 f5 15. f3 Bf6 16. Bd2 Qb6 17. Bc3 a5 18.
Bxe5 Rae8 19. Bxf6 Rxf6 20. Rhe1 a4 21. a3 Bf7 22. Qd2 Rd8 23. Re5 Qd4 24. Rde1 g6 25. Re7 b5 26. cxb5 Qd5 27. Rxf7 Rxf7 28. Qb4 cxb5 29.
Bxb5 Rc7 30. Bxa4 Qd4 31. Bb3+ Kh8 32. Re8+ 1-0

[Event "Late-Titled-Tuesday-Blitz-October-03-2023"]
[Site "Chess.com"]
[Date "2023.10.03"]
[Round "4"]
[White "Bodhanas"]
[Black "FM_Kappeler"]
[Result "1-0"]
[WhiteElo "2143"]
[BlackElo "2300"]
[TimeControl "180+1"]
[EndTime "14:37:51 PDT"]
[Termination "Bodhanas won on time"]

1. d4 Nf6 2. Nf3 e6 3. Bf4 d5 4. e3 Bd6 5. Bg3 O-O 6. Bd3 Ne4 7. Bxe4 dxe4 8. Nfd2 f5 9. O-O Nd7 10. c4 Nf6 11. Nc3 Qe7 12. Bxd6 cxd6 13. Nb3 Bd7 14. d5 exd5 15. Nxd5 Qe5 16. Nxf6+ Rxf6 17. Qd4 Rc8 18. Rad1 Qe7 19. c5 Bb5 20. cxd6 Qd7 21. Qd5+ Kh8 22. Nc5 Qd8 23. d7 Rc7 24. Nxb7 Rxb7 25. Qxb7 Bxf1 26. Kxf1 Kg8 27. Rc1 Rb6 28. Rc8 Rxb7 29.
Rxd8+ Kf7 30. Rf8+ Ke7 31. d8=Q+ 1-0

[Event "Late-Titled-Tuesday-Blitz-October-03-2023"]
[Site "Chess.com"]
[Date "2023.10.03"]
[Round "4"]
[White "MalcolmPein"]
[Black "Gyulamiryan-koryun"]
[Result "1-0"]
[WhiteElo "2293"]
[BlackElo "1982"]
[TimeControl "180+1"]
[EndTime "14:37:52 PDT"]
[Termination "MalcolmPein won on time"]

1. b3 Nf6 2. Bb2 g6 3. Nf3 Bg7 4. g3 O-O 5. Bg2 c6 6. O-O e6 7.
c4 d5 8. d3 Re8 9. Nbd2 a5 10. Qc2 Na6 11. a3 b5 12. Ne5 Bb7 13.
Rac1 b4 14. a4 Nc5 15. cxd5 cxd5 16. Qxc5 Rc8 17. Qa7 Rxc1 18. Rxc1 Re7 19. Bd4 Ne8 20. Ndf3 f6 21. Bb6 Qa8 22. Qxa8 Bxa8 23. Rc8 Bb7 24.
Nc6 Kf7 25. Nxe7 Kxe7 26. Rb8 Bc6 27. Bxa5 e5 28. Bxb4+ Kd7 29. a5 Kc7 30. Rb6 Nd6 31. Bxd6+ Kxd6 32. b4 Kc7 33. b5 1-0

[Event "Late-Titled-Tuesday-Blitz-October-03-2023"]
[Site "Chess.com"]
[Date "2023.10.03"]
[Round "4"]
[White "IamSchrodingersCat"]
[Black "DucksParadise"]
[Result "1-0"]
[WhiteElo "2525"]
[BlackElo "2646"]
[TimeControl "180+1"]
[EndTime "14:37:54 PDT"]
[Termination "IamSchrodingersCat won on time"]

1. e4 a6 2. c4 e6 3. Nc3 c5 4.
g3 Nc6 5. Bg2 g6 6. Nge2 Bg7 7.
O-O Nge7 8. d3 O-O 9. Be3 Nd4 10. Qd2 Rb8 11. Rab1 b5 12. cxb5 axb5 13. b4 Nxe2+ 14. Nxe2 cxb4 15. Qxb4 Nc6 16. Qd2 b4 17. d4 d5 18.
Rfc1 Bb7 19. exd5 exd5 20. Bh6 Bxh6 21. Qxh6 Qd6 22. Qd2 Rfd8 23. Nf4 Na5 24. Qxb4 Nc4 25. Qxd6 Nxd6 26. Bxd5 Bxd5 27. Nxd5 Nf5 28. Rxb8 Rxb8 29. Rd1 1-0

[Event "Late-Titled-Tuesday-Blitz-October-03-2023"]
[Site "Chess.com"]
[Date "2023.10.03"]
[Round "4"]
[White "Mbneu"]
[Black "Casper"]
[Result "1/2-1/2"]
[WhiteElo "2233"]
[BlackElo "2432"]
[TimeControl "180+1"]
[EndTime "14:37:54 PDT"]
[Termination "Game drawn by repetition"]

1. d4 Nf6 2. c4 g6 3. Nc3 Bg7 4. e4 O-O 5. f4 d6 6. Nf3 Bg4 7. Be2 Nc6 8. d5 Nb8 9. O-O e6 10. h3 Bxf3 11. Bxf3 exd5 12. cxd5 Re8 13. Be3 Nbd7 14.
Bd4 Qe7 15. Re1 h6 16. e5 Nh7 17. e6 Ndf6 18. f5 Ng5 19. Bg4 Nxg4 20. hxg4 Kh7 21.
Bxg7 Kxg7 22. Qd4+ f6 23. fxg6 Kxg6 24. Rf1 Rg8 25.
Rf5 Nh7 26. Raf1 Raf8 27. Ne4 Kg7 28. g5 hxg5 29. Nxg5 Rh8 30. Nf7 Rfg8 31. Nxh8 Kxh8 32. Qh4 Qg7 33. R1f2 Qg3 34. Qxg3 Rxg3 35. R2f3 Rg4 36. R3f4 Rg3 37. Rf3 Rg4 38. R3f4 Rg3 39. Rf3 1/2-1/2

[Event "Late-Titled-Tuesday-Blitz-October-03-2023"]
[Site "Chess.com"]
[Date "2023.10.03"]
[Round "4"]
[White "WindWhistler11"]
[Black "Sacbutt"]
[Result "1-0"]
[WhiteElo "2452"]
[BlackElo "2255"]
[TimeControl "180+1"]
[EndTime "14:37:55 PDT"]
[Termination "WindWhistler11 won on time"]

1. Nf3 e6 2. g3 d5 3. d3 Nf6 4. Nbd2 c5 5. e4 Nc6 6. Bg2 Be7 7. O-O O-O 8. e5 Nd7 9. Re1 Qc7 10. Qe2 b5 11. h4 a5 12. Nf1 Bb7 13. Bf4 a4 14. a3 b4 15. h5 h6 16. g4 Nd4 17.
Nxd4 cxd4 18. Qd2 bxa3 19. bxa3 Rfc8 20. Re2 Qc3 21. Qc1 Ba6 22. g5 hxg5 23. Bd2 Qc7 24.
Bxg5 Bf8 25. Qf4 Qc3 26. Rd1 Qxa3 27. h6 gxh6 28. Bxh6 Bxh6 29. Qxh6 Qf8 30. Qh4 a3 31.
Qxd4 Qg7 32. Re3 Nf8 33. Ng3 Ng6 34. Nh5 Qh6 35. Nf6+ Kf8 36. Qb4+ Kg7 37. Rh3 Nxe5 38. Rxh6 Kxh6 39. Qf4+ 1-0

[Event "Late-Titled-Tuesday-Blitz-October-03-2023"]
[Site "Chess.com"]
[Date "2023.10.03"]
[Round "4"]
[White "Rud_Makarian"]
[Black "BeanScreen"]
[Result "1-0"]
[WhiteElo "2965"]
[BlackElo "2721"]
[TimeControl "180+1"]
[EndTime "14:37:56 PDT"]
[Termination "Rud_Makarian won by resignation"]

1. Nf3 d5 2. g3 Nd7 3. d4 b6 4.
Bg2 Bb7 5. O-O e6 6. b3 Ngf6 7. c4 Bd6 8. Nc3 a6 9. cxd5 exd5 10. Bf4 Qe7 11. e3 Bb4 12. Rc1 Nf8 13. Nh4 Ne6 14. Nf5 Qd7 15. Be5 Qd8 16. Bxf6 Qxf6 17. Nxd5 Qxf5 18. Nxc7+ Nxc7 19. Bxb7 Rc8 20. Rc6 Ke7 21.
Qc1 Bd6 22. e4 Qd7 23. e5 Nb5 24. Bxc8 Rxc8 25. Rxc8 Ba3 26. Qg5+ Ke6 27. Qg4+ Ke7 28. Qg5+ Ke6 29. d5+ Qxd5 30. Re8+ Kd7 31. Rd8+ Ke6 1-0

[Event "Late-Titled-Tuesday-Blitz-October-03-2023"]
[Site "Chess.com"]
[Date "2023.10.03"]
[Round "4"]
[White "jk13"]
[Black "Herman-NY"]
[Result "1-0"]
[WhiteElo "2665"]
[BlackElo "2512"]
[TimeControl "180+1"]
[EndTime "14:37:57 PDT"]
[Termination "jk13 won on time"]

1. e4 c5 2. c3 e6 3. d4 d5 4.
exd5 exd5 5. Nf3 Nc6 6. Bb5 Bd6 7. O-O Ne7 8. dxc5 Bxc5 9. Nbd2 O-O 10. Nb3 Bd6 11. Bd3 h6 12. h3 Bf5 13. Re1 Qd7 14. Be3 Ng6 15. Bc5 Bxd3 16. Bxd6 Qxd6 17. Qxd3 Rad8 18.
Qe3 b6 19. Rad1 Qf6 20. Nbd4 Na5 21. b3 Nb7 22. g3 Nc5 23. h4 Ne4 24. h5 Ne7 25. c4 Rfe8 26. Kg2 Kf8 27. Qc1 Kg8 28. Re2 Nd6 29. cxd5 Nxd5 30. Rde1 Rxe2 31. Rxe2 Kf8 32. Qc6 Ne8 33. Qb7 1-0

[Event "Late-Titled-Tuesday-Blitz-October-03-2023"]
[Site "Chess.com"]
[Date "2023.10.03"]
[Round "4"]
[White "CraiggoryC"]
[Black "Mariia89"]
[Result "0-1"]
[WhiteElo "2279"]
[BlackElo "2059"]
[TimeControl "180+1"]
[EndTime "14:37:58 PDT"]
[Termination "Mariia89 won on time"]

1. e4 c6 2. d4 d5 3. e5 Bf5 4. Nf3 e6 5. Be2 c5 6. Be3 Nc6 7. dxc5 Bxc5 8. Bxc5 Qa5+ 9. b4 Nxb4 10. Bxb4 Qxb4+ 11. Nbd2 Rc8 12. Bd3 Ne7 13. O-O O-O 14. Rb1 Qf4 15. Rxb7 Nc6 16. Re1 a5 17. Nf1 Nb4 18. Bxf5 Qxf5 19. Ne3 Qg6 20. a3 Na2 21. Nd4 Nc3 22. Qf3 Ne4 23. Reb1 Nd2 24. Qg3 Nxb1 25.
Qxg6 hxg6 26. Rxb1 Rc3 27. Nb5 Rc5 28. Nd6 Rc3 29.
h4 Rxa3 30. Rb7 Ra1+ 31. Kh2 a4 32. c4 d4 33. Nc2 Rd1 0-1

[Event "Late-Titled-Tuesday-Blitz-October-03-2023"]
[Site "Chess.com"]
[Date "2023.10.03"]
[Round "4"]
[White "adricalderon8"]
[Black "Let_it_be_1"]
[Result "1/2-1/2"]
[WhiteElo "2511"]
[BlackElo "2634"]
[TimeControl "180+1"]
[EndTime "14:37:59 PDT"]
[Termination "Game drawn - insufficient material"]

1. d4 d5 2. c4 e6 3. Nf3 Nf6 4. Nc3 Be7 5. g3 O-O 6. Bg2 dxc4 7. Ne5 Nc6 8. Bxc6 bxc6 9. Nxc6 Qe8 10. Nxe7+ Qxe7 11.
O-O Rd8 12. Qa4 Rxd4 13. Be3 Rd8 14. Qxc4 Bb7 15. Rfd1 Nd5 16. Bc5 Qf6 17. e4 Nxc3 18. bxc3 Qf3 19. Re1 Rd3 20. Rab1 Rxc3 21. Qb5 Rxc5 22.
Qxb7 Rf8 23. Qxa7 Rc2 24. Ra1 h5 25. h4 Rd8 26. Qe3 Qxe3 27. Rxe3 Rdd2 28. Rf3 Rxa2 29. Rc1 Rac2 30. Rc3 Rxc1+ 31. Rxc1 Rd7 32. Kg2 e5 33. f4 exf4 34. gxf4 f6 35. Rc5 g6 36. f5 Kf7 37.
fxg6+ Kxg6 38. Kf3 Rd3+ 39. Kf4 Rh3 40. Rxc7 Rxh4+ 41. Kf3 Rh3+ 42. Kf4 Rh4+ 43. Kf3 Rh1 44. Rc8 Rf1+ 45.
Kg3 Kf7 46. Rc5 Rh1 47. Rc6 h4+ 48. Kf4 Rg1 49. Rc7+ Kg6 50. Rc3 Kh5 51. Rc5+ Rg5 52. Rc8 Rg4+ 53. Kf5 Rg6 54. Rh8+ Rh6 55. Rxh6+ Kxh6 56. Kg4 h3 57. Kxh3 Kg5 58. Kg3 f5 59. exf5 Kxf5 1/2-1/2

[Event "Late-Titled-Tuesday-Blitz-October-03-2023"]
[Site "Chess.com"]
[Date "2023.10.03"]
[Round "4"]
[White "nitpicker"]
[Black "Joel1285"]
[Result "1-0"]
[WhiteElo "2233"]
[BlackElo "1905"]
[TimeControl "180+1"]
[EndTime "14:38:00 PDT"]
[Termination "nitpicker won on time"]

1. d4 Nf6 2. c4 e6 3. g3 Bb4+ 4.
Bd2 Bxd2+ 5. Qxd2 O-O 6. Bg2 d6 7. Nc3 Nbd7 8. Nf3 Re8 9. O-O e5 10. e4 c6 11. Rfe1 Qe7 12. Rad1 Nf8 13. h3 Bd7 14. c5 exd4 15. cxd6 Qxd6 16. e5 Qb4 17. exf6 dxc3 18. bxc3 Qc5 19. fxg7 Kxg7 20. Nd4 Rxe1+ 21.
Rxe1 Re8 22. Rxe8 Bxe8 23. Qe3 Bd7 24. g4 Kh8 25. Qf4 Qe7 26. Be4 Ng6 27. Qb8+ Kg7 28. Bxg6 hxg6 29. Qxb7 Qe1+ 30. Kg2 Qe4+ 31. Kf1 Qh1+ 32.
Ke2 Qe4+ 33. Kd2 Be6 34. Nxe6+ Qxe6 35. Qxa7 1-0

[Event "Late-Titled-Tuesday-Blitz-October-03-2023"]
[Site "Chess.com"]
[Date "2023.10.03"]
[Round "4"]
[White "BigAl"]
[Black "esrosenberg"]
[Result "1-0"]
[WhiteElo "2540"]
[BlackElo "2358"]
[TimeControl "180+1"]
[EndTime "14:38:05 PDT"]
[Termination "BigAl won by resignation"]

1. e4 e5 2. Bc4 Nf6 3. d3 Nc6 4.
Nf3 Bc5 5. c3 O-O 6. Bb3 a5 7.
a4 d6 8. Nbd2 Bg4 9. h3 Bh5 10.
g4 Bg6 11. Qe2 d5 12. Bc2 Re8 13. Nf1 Rb8 14. Ng3 b5 15. axb5 Rxb5 16. Nh4 Rb8 17. Nhf5 d4 18. h4 dxc3 19. bxc3 Qd7 20. g5 Bxf5 21.
Nxf5 Nd5 22. exd5 Qxf5 23. dxc6 Bb6 24. Ra4 Rbd8 25. Re4 Rd6 26. Bd2 f6 27. Rg1 fxg5 28.
Rxg5 Qh3 29. Qg4 Qh1+ 30. Ke2 g6 31. Bb3+ Kg7 32. Qg1 Qh3 33. Qg3 Qh1 34. Rgxe5 Rxe5 35. Qxe5+ 1-0

[Event "Late-Titled-Tuesday-Blitz-October-03-2023"]
[Site "Chess.com"]
[Date "2023.10.03"]
[Round "4"]
[White "Leebit02"]
[Black "KafkaesqueKnight"]
[Result "0-1"]
[WhiteElo "2482"]
[BlackElo "2341"]
[TimeControl "180+1"]
[EndTime "14:38:05 PDT"]
[Termination "KafkaesqueKnight won by resignation"]

1. d4 Nf6 2. c4 e6 3. Nf3 d5 4. Nc3 Bb4 5. g3 dxc4 6. Bg2 O-O 7. O-O a6 8. Qc2 b5 9. a4 Bxc3 10. bxc3 Bb7 11. Ba3 Re8 12. Rfb1 Be4 13. Qd1 c6 14. Rc1 Qd5 15. Bf1 Nbd7 16. Nd2 e5 17. Nxe4 Nxe4 18. Bg2 exd4 19. cxd4 Qf5 20. f3 Nef6 21. e4 Qh5 22. Bd6 Nb6 23. a5 Na4 24. Qd2 Rad8 25. Bf4 Nc5 26. g4 Qg6 27. Bf1 Nb3 28. Qe3 Rxd4 29. Rab1 c5 30. Rc2 Nd5 31. exd5 Rxe3 0-1

[Event "Late-Titled-Tuesday-Blitz-October-03-2023"]
[Site "Chess.com"]
[Date "2023.10.03"]
[Round "4"]
[White "artin10862"]
[Black "Mikedannnn"]
[Result "1-0"]
[WhiteElo "2806"]
[BlackElo "2553"]
[TimeControl "180+1"]
[EndTime "14:38:07 PDT"]
[Termination "artin10862 won by checkmate"]

1. g3 g6 2. Bg2 Bg7 3. d4 c5 4.
c3 Qc7 5. Nf3 Nf6 6. O-O O-O 7.
d5 b5 8. d6 exd6 9. Bf4 Ne8 10. Nd4 Bb7 11. Nxb5 Qb6 12. N1a3 Bxg2 13. Kxg2 Qc6+ 14.
e4 Qxe4+ 15. Qf3 d5 16. Rad1 a6 17. Nd6 Qxf3+ 18. Kxf3 d4 19. Nac4 Nc6 20. Nb6 Ra7 21. Rfe1 Nxd6 22. Bxd6 Rd8 23. Bxc5 dxc3 24. bxc3 Bxc3 25.
Re3 Bf6 26. Nxd7 Raxd7 27. Rxd7 Rxd7 28. Re8+ Kg7 29. Bf8+ Kg8 30. Bh6# 1-0

[Event "Late-Titled-Tuesday-Blitz-October-03-2023"]
[Site "Chess.com"]
[Date "2023.10.03"]
[Round "4"]
[White "Manukyan_Artak"]
[Black "MarkoPe"]
[Result "1-0"]
[WhiteElo "2532"]
[BlackElo "2344"]
[TimeControl "180+1"]
[EndTime "14:38:07 PDT"]
[Termination "Manukyan_Artak won by resignation"]

1. e4 c6 2. d4 d6 3. e5 Nd7 4.
f4 g6 5. Nf3 Bg7 6. Nc3 c5 7.
exd6 exd6 8. Qe2+ Qe7 9. Nd5 Qxe2+ 10. Bxe2 Kd8 11. Be3 Ngf6 12. Nxf6 Bxf6 13. dxc5 Nxc5 14. Bxc5 dxc5 15. O-O-O+ Kc7 16. Bc4 Bg4 17. Bxf7 Bxf3 18. gxf3 Rhf8 19. Be6 Rad8 20. Rxd8 Bxd8 21. Rd1 Bh4 22.
Rd7+ Kc6 23. Rxh7 Rxf4 24. Bg4 Bg5 25. Kb1 Rd4 26. a3 Rd1+ 27. Ka2 Rd2 28. Rg7 Rxh2 29. Rxg6+ Kb5 30. Rxg5 Rxc2 31. f4 Kc4 32. Be6+ Kd4 33. Rd5+ Ke3 34. f5 b5 35. f6 b4 36. axb4 cxb4 37. f7 Rf2 38. Rf5 b3+ 39. Kxb3 1-0

[Event "Late-Titled-Tuesday-Blitz-October-03-2023"]
[Site "Chess.com"]
[Date "2023.10.03"]
[Round "4"]
[White "Nekoo04"]
[Black "PNEPaul"]
[Result "1-0"]
[WhiteElo "2287"]
[BlackElo "1943"]
[TimeControl "180+1"]
[EndTime "14:38:07 PDT"]
[Termination "Nekoo04 won by checkmate"]

1. d4 Nf6 2. c4 c5 3. d5 Ne4 4. Nf3 Qa5+ 5. Nbd2 g6 6. Qc2 Nf6 7. e4 d6 8. Be2 Bg7 9. O-O O-O 10. h3 h6 11. Nb3 Qd8 12. e5 dxe5 13. Nxe5 Nbd7 14. Nxg6 fxg6 15. Qxg6 Qe8 16. Qg3 Kh8 17. Bd3 Qh5 18. f4 Qe8 19. Be3 e5 20. Bg6 Qe7 21. Qh4 Ng8 22.
Qf2 Ndf6 23. Bxc5 Qd8 24. Bxf8 Bxf8 25. fxe5 Nd7 26. Qf7 Qe7 27. e6 Qxf7 28. Rxf7 Bc5+ 29. Nxc5 Nxc5 30. Rh7# 1-0

[Event "Late-Titled-Tuesday-Blitz-October-03-2023"]
[Site "Chess.com"]
[Date "2023.10.03"]
[Round "4"]
[White "maurovargas01"]
[Black "nicholas_ilic"]
[Result "1-0"]
[WhiteElo "1918"]
[BlackElo "2199"]
[TimeControl "180+1"]
[EndTime "14:38:07 PDT"]
[Termination "maurovargas01 won by checkmate"]

1. e4 c5 2. Nc3 Nc6 3. f4 g6 4.
Nf3 Bg7 5. Bb5 e6 6. Bxc6 bxc6 7. O-O d5 8. d3 Ne7 9. Qe1 O-O 10. Qh4 f6 11. e5 Nf5 12. Qf2 fxe5 13. fxe5 Nd4 14. Qg3 Nxc2 15. Bg5 Qc7 16. Rac1 Nd4 17. Nxd4 cxd4 18.
Rxf8+ Bxf8 19. Nb5 Qb6 20. Nd6 Bd7 21. Rf1 Qc7 22. Qf4 Bg7 23. Qf7+ Kh8 24. Bf6 Bxf6 25. Qxf6+ Kg8 26. Nf7 Kf8 27. Nh6+ Ke8 28. Qf8# 1-0

[Event "Late-Titled-Tuesday-Blitz-October-03-2023"]
[Site "Chess.com"]
[Date "2023.10.03"]
[Round "4"]
[White "chessisveryfun1264"]
[Black "YouShallNotPass001"]
[Result "1-0"]
[WhiteElo "2610"]
[BlackElo "2397"]
[TimeControl "180+1"]
[EndTime "14:38:09 PDT"]
[Termination "chessisveryfun1264 won on time"]

1. Nf3 Nf6 2. g4 e6 3. g5 Nd5 4. e4 Nb6 5. d4 d5 6. e5 c5 7. c3 Nc6 8. Be3 Bd7 9. h4 cxd4 10. cxd4 Rc8 11. a3 Na5 12. Nbd2 Nbc4 13. b4 Nb2 14. Qb1 Nac4 15. Be2 Nxe3 16. fxe3 Na4 17. Bd3 Qb6 18. Kf2 Be7 19. h5 Bb5 20. g6 fxg6 21. hxg6 h6 22. Kg3 Rc3 23. Bxb5+ Qxb5 24. Rc1 Rxe3 25.
Rc8+ Bd8 26. Qc2 O-O 27. Rc1 Qe2 28. Rf1 Nb6 29. Rf2 Qb5 30. Rc5 Qa6 31. Ra5 Qd3 32.
Qxd3 Rxd3 33. Rxa7 Nc4 34. Nxc4 dxc4 35. Rxb7 c3 36.
Rb8 Bh4+ 37. Kxh4 Rxb8 38. Kg4 Rc8 39. Rc2 Rf8 40. Ne1 Rxd4+ 41. Kg3 Rc4 42. Nd3 1-0